 Dungeon Crawl Stone Soup version 0.31-a0-236-g9a0961fb85 (webtiles) character file.

Game seed: 15741961046815088224

378 qw the Shooter (level 6, -5/35 HPs)
             Began as a Gargoyle Hexslinger on July 9, 2023.
             Slain by Duvessa
             ... wielding a +0 short sword
              (7 damage)
             ... on level 4 of the Dungeon.
             The game lasted 00:01:14 (2224 turns).

qw the Shooter (Gargoyle Hexslinger)                Turns: 2224, Time: 00:01:15

Health: -5/35      AC: 18    Str: 13    XL:     6   Next: 74%
Magic:  0/0        EV: 11    Int: 20    God:
Gold:   192        SH:  0    Dex: 20    Spells: 6/7 levels left

rFire   . . .        Y - +3 sling
rCold   . . .        (no shield)
rNeg    + . .        g - +1 ring mail {rPois}
rPois   inf          a - +2 hat "Jemeoz" {rPois MP-9 Slay+5}
rElec   +            (no cloak)
rCorr   .            e - +0 pair of gloves
SInv    .            (no boots)
Will    .....        (no amulet)
Stlth   +            h - +4 ring of protection
HPRegen 0.25/turn    b - ring "Miol" {Str+2 Int+6 Dex+6}
MPRegen 0.07/turn

%: no passive effects
@: no status effects
A: sickness immunity, AC +4, negative energy resistance 1, electricity
resistance, torment resistance 1, petrification resistance
a: no special abilities


You were on level 4 of the Dungeon.
You visited 1 branch of the dungeon, and saw 4 of its levels.

You collected 192 gold pieces.


Innate Abilities, Weirdness & Mutations

You are immune to sickness and miasma.
Your stone body is resilient. (AC +4)
You are immune to poison.
You resist negative energy. (rN+)
You are resistant to electric shocks. (rElec)
You are resistant to unholy torment.
You are immune to petrification.


   Skills:
 + Level 2.1 Fighting
 - Level 5.1 Ranged Weapons
 - Level 4.4 Armour
 - Level 1.5 Dodging
 - Level 1.0 Spellcasting
 - Level 2.6 Hexes


You had 6 spell levels left.
You knew the following spells:

 Your Spells              Type           Power      Damage    Failure   Level
a - Slow                  Hex            44%        N/A       12%         1

Your spell library contained the following spells:

 Spells                   Type           Power      Damage    Failure   Level
 Inner Flame              Hex/Fire       6%         N/A       52%         3
 Portal Projectile        Hex/Tloc       12%        N/A       52%         3
 Cause Fear               Hex            5%         N/A       75%         4

Inventory:

Hand Weapons
 Y - a +3 sling (weapon)
Armour
 a - the +2 hat "Jemeoz" (worn) {rPois MP-9 Slay+5}
   (You found it on level 2 of the Dungeon)

   Slay:      It affects your accuracy & damage with ranged weapons and melee
   (+5).
   rPois:     It protects you from poison.
   MP:        It affects your magic capacity (-9).
 e - a +0 pair of gloves (worn)
 g - a +1 ring mail of poison resistance (worn)
Jewellery
 b - the ring "Miol" (right hand) {Str+2 Int+6 Dex+6}
   (You acquired it on level 2 of the Dungeon)

   [ring of intelligence]

   Str:       It affects your strength (+2).
   Int:       It affects your intelligence (+6).
   Dex:       It affects your dexterity (+6).
 h - a +4 ring of protection (left hand)
Scrolls
 c - a scroll of identify
 j - a scroll of fog {unknown}
Potions
 d - 2 potions of haste
 f - 2 potions of curing
 i - a potion of lignification {unknown}

Dungeon Overview and Level Annotations

Branches:
Dungeon (4/15)
 Temple: D:4-7

Altars:
Ashenzari

Annotations:
D:3 1 runed translucent door, Crazy Yiuf
D:4 Duvessa


Message History

The sling bullet closely misses Duvessa.
You hear a shout!
You shoot a sling bullet. The sling bullet hits Duvessa.
Duvessa is lightly wounded.
You shoot a sling bullet. The sling bullet hits Duvessa!
Duvessa is lightly wounded.
Duvessa barely misses you. Duvessa hits you with a +0 short sword.
You shoot a sling bullet.
The sling bullet hits Duvessa but does no damage.
Duvessa is lightly wounded.
Duvessa barely misses you.
You shoot a sling bullet. The sling bullet barely misses Duvessa.
Duvessa misses you. Duvessa hits you with a +0 short sword.
You shoot a sling bullet. The sling bullet hits Duvessa!
Duvessa is moderately wounded.
Duvessa hits you with a +0 short sword! Duvessa closely misses you.
A hobgoblin comes into view.
You shoot a sling bullet. The sling bullet hits Duvessa.
Duvessa is moderately wounded.
Duvessa hits you with a +0 short sword. Duvessa barely misses you.
You shoot a sling bullet. The sling bullet hits Duvessa.
Duvessa is moderately wounded.
Duvessa hits you with a +0 short sword. Duvessa hits you with a +0 short sword!
You shoot a sling bullet. The sling bullet barely misses Duvessa.
The sling bullet hits the hobgoblin!
You kill the hobgoblin!
Duvessa hits you with a +0 short sword. Duvessa closely misses you.
You shoot a sling bullet.
The sling bullet closely misses Duvessa.
Duvessa closely misses you. Duvessa hits you but does no damage.
You shoot a sling bullet. The sling bullet hits Duvessa.
Duvessa is moderately wounded.
Duvessa hits you with a +0 short sword. Duvessa hits you but does no damage.
You shoot a sling bullet.
The sling bullet closely misses Duvessa.
Duvessa barely misses you. x2
You shoot a sling bullet. The sling bullet hits Duvessa!
Duvessa is heavily wounded.
Duvessa hits you with a +0 short sword!
You die...

..... ...#
...... ..8#
......# #8##
.......#########
#..#......
#######......#
#..........#.#
#....%##.#.#.#.#
#...@..<........
#...e##.#..#..#.
#..........#....
..).).#.#.### ..
...#....#)#.. #.
.....#.#### #
##...%#. ###....


You could see Duvessa (berserk).

Vanquished Creatures
  Sigmund (D:3)
  Dowan (D:4)
  Natasha (twice) (D:3)
  A gnoll (D:1)
  3 adders
  A dart slug (D:1)
  5 orcs (D:3)
  8 ball pythons
  7 bats
  8 endoplasms
  4 giant cockroaches
  9 goblins
  6 hobgoblins
  A quokka (D:3)
  3 frilled lizards
  8 kobolds
  10 rats
78 creatures vanquished.

Notes
Turn   | Place    | Note
-------+----------+-------------------------------------------
     0 | D:1      | qw the Gargoyle Hexslinger began the quest for the Orb.
     0 | D:1      | Reached XP level 1. HP: 12/12 MP: 2/2
     0 | D:1      | 0 ||| qw: Version: 0.3-a-51-g015441d
     0 | D:1      | 0 ||| qw: Game counter: 4394
     0 | D:1      | 0 ||| qw: Melee chars always use a shield: true
     0 | D:1      | 0 ||| qw: God list: Okawaru
     0 | D:1      | 0 ||| qw: Allow faded altars: false
     0 | D:1      | 0 ||| qw: Do Orc after clearing Dungeon:15 true
     0 | D:1      | 0 ||| qw: Do second Lair branch before Depths: true
     0 | D:1      | 0 ||| qw: Lair rune preference: random
     0 | D:1      | 0 ||| qw: Goals: Normal
     0 | D:1      | 0 ||| PLANNING D:1-11
   140 | D:1      | Reached XP level 2. HP: 16/16 MP: 3/3
   156 | D:1      | Reached skill level 3 in Ranged Weapons
   223 | D:1      | Reached XP level 3. HP: 17/20 MP: 4/4
   658 | D:1      | 658 ||| UPGRADING to +1 ring mail of poison resistance.
   668 | D:1      | 668 ||| DROPPING +0 robe.
   669 | D:1      | 669 ||| UPGRADING to +4 ring of protection.
   670 | D:1      | 670 ||| DROPPING ring of magical power.
   671 | D:1      | 671 ||| READING 2 scrolls labelled NAOMIO OSUDUIG.
   672 | D:1      | 672 ||| READING scroll labelled WENKUORRUHONAS.
   675 | D:1      | 675 ||| READING scroll labelled AVESYSANOE.
   676 | D:1      | 676 ||| DRINKING 2 sedimented puce potions.
   677 | D:1      | 677 ||| DROPPING scroll of blinking.
   678 | D:1      | 678 ||| DROPPING scroll of poison.
   923 | D:2      | Reached XP level 4. HP: 26/26 MP: 5/5
   981 | D:2      | Identified the +2 hat "Jemeoz" {rPois MP-9 Slay+5}
  1128 | D:2      | Reached skill level 4 in Ranged Weapons
  1276 | D:2      | 1276 ||| UPGRADING to +2 hat "Jemeoz" {rPois MP-9 Slay+5}.
  1281 | D:2      | 1281 ||| UPGRADING to +0 pair of gloves.
  1286 | D:2      | 1286 ||| READING scroll labelled ASOVID DUYTZOXYAH.
  1286 | D:2      | Identified a scroll of acquirement
  1286 | D:2      | 1286 ||| ACQUIRING ring "Miol" {Str+2 Int+6 Dex+6}
  1286 | D:2      | Acquired the ring "Miol" {Str+2 Int+6 Dex+6}
  1288 | D:2      | 1288 ||| UPGRADING to ring "Miol" {Str+2 Int+6 Dex+6}.
  1289 | D:2      | 1289 ||| READING scroll labelled HUTINANEQA.
  1329 | D:3      | Noticed Sigmund
  1337 | D:3      | Killed Sigmund
  1338 | D:3      | Reached XP level 5. HP: 30/30 MP: 0/6
  1338 | D:3      | Reached XP level 6. HP: 35/35 MP: 0/7
  1455 | D:3      | 1455 ||| READING 2 scrolls labelled GIVEIK IGOI.
  1456 | D:3      | 1456 ||| DROPPING scroll of vulnerability.
  1528 | D:3      | 1528 ||| DRINKING 3 emerald potions.
  1541 | D:3      | Found a broken altar of Ashenzari.
  1613 | D:3      | Found a runed translucent door.
  1614 | D:3      | Noticed Crazy Yiuf
  1784 | D:3      | Noticed Natasha
  1787 | D:3      | Killed Natasha
  1839 | D:3      | 1839 ||| READING scroll of enchant weapon.
  1839 | D:3      | 1839 ||| ENCHANTING +2 sling.
  2131 | D:3      | Noticed Natasha
  2135 | D:3      | Killed Natasha
  2190 | D:4      | Noticed Dowan
  2194 | D:4      | Killed Dowan
  2195 | D:4      | Reached skill level 5 in Ranged Weapons
  2210 | D:4      | Noticed Duvessa
  2220 | D:4      | HP: 7/35 [Duvessa/+0 short sword (4)]
  2222 | D:4      | HP: 2/35 [Duvessa/+0 short sword (6)]
  2224 | D:4      | Slain by Duvessa

Levels and vault maps discovered:
D:1:      erik_arrival_blinker_ship, layout_loops_ring
D:2:      layout_loops_cross
D:3:      layout_loops_ring, nicolae_ashenzari_skybound, hangedman_decor_points,
          uniq_sigmund, uniq_crazy_yiuf_cottage, uniq_natasha
D:4:      cheibrodos_greedy_goblins, layout_basic,
          nicolae_overflow_hidden_temple, minmay_temple_entry_poolview,
          uniq_duvessa

Skill      XL: |  1  2  3  4  5  6 |
---------------+-------------------+-----
Ranged Weapons | 3 4 5 |  5.1
Fighting       | 2 |  2.1
Armour         | 4 |  4.4
Dodging        | |  1.5
Spellcasting   | |  1.0
Hexes          | |  2.6

Action                     |  1- 3 |  4- 6 || total
---------------------------+-------+-------++-------
   Fire: Sling             |   131 |   115 ||   246
    Use: Scroll            |     3 |     4 ||     7
         Potion            |     1 |     1 ||     2
 Armour: Robe              |    11 |       ||    11
         Ring mail         |    45 |    27 ||    72
  Dodge: Dodged            |    56 |    37 ||    93

Table legend:
 A = Non-vault XP
 B = Vault XP
 C = Vault XP percentage of total XP
 D = Non-vault monster count
 E = Vault monster count
 F = Vault count percentage of total count
                 A         B        C        D         E       F
            +---------+---------+-------+---------+---------+-------
      Total |     212 |     328 |  60.7 |      75 |       3 |   3.8
            +---------+---------+-------+---------+---------+-------
        D:1 |      60 |       0 |   0.0 |      26 |       0 |   0.0
        D:2 |      36 |       0 |   0.0 |      17 |       0 |   0.0
        D:3 |     100 |     259 |  72.1 |      29 |       2 |   6.5
        D:4 |      16 |      69 |  81.2 |       3 |       1 |  25.0
            +---------+---------+-------+---------+---------+-------
